 Dungeon Crawl Stone Soup version 0.28.0-53-g5a82cb258f (webtiles) character file.

Game seed: 14137291992136871410

298 PentaManta the Slicer (level 6, -1/35 HPs)
             Began as a Kobold Brigand on June 16, 2022.
             Was an Initiate of Ashenzari.
             Killed by nerve-wracking pain
             ... invoked by an orc priest
              (10 damage)
             ... in the Ecumenical Temple.
             The game lasted 00:06:20 (2986 turns).

PentaManta the Slicer (Kobold Brigand)              Turns: 2986, Time: 00:06:21

Health: -1/35      AC:  8    Str:  9    XL:     6   Next: 62%
Magic:  6/6        EV: 12    Int: 12    God:    Ashenzari [......]
Gold:   214        SH:  0    Dex: 18    Spells: 5/5 levels left

rFire   + . .      SeeInvis .   h - +0 rapier
rCold   . . .      Faith    .   (no shield)
rNeg    . . .      Spirit   .   s - +2 ring mail {rF+}
rPois   .          Reflect  .   (no helmet)
rElec   .          Harm     .   c - +0 cloak
rCorr   .          Rampage  .   (no gloves)
Will    .....                   (no boots)
Stlth   ++++......              (no amulet)
HPRegen 0.11/turn               (no ring)
MPRegen 0.10/turn               (no ring)

@: no status effects
A: small, no large weapons, nightstalker 3
a: Renounce Religion


You were in the Ecumenical Temple.
You worshipped Ashenzari.
Ashenzari was noncommittal.
You visited 2 branches of the dungeon, and saw 5 of its levels.
You also visited: Sewer.

You collected 214 gold pieces.

Inventory:

Hand Weapons
 a - a +2 dagger
 h - a +0 rapier (weapon)
Missiles
 d - 13 poisoned darts
 e - a curare-tipped dart (quivered)
Armour
 b - a +0 robe
 c - a +0 cloak (worn)
 s - a +2 ring mail of fire resistance (worn)
 u - a scarf of resistance
Jewellery
 q - an amulet of reflection
Scrolls
 g - 3 scrolls of fog {unknown}
 i - a scroll of blinking {unknown}
 l - a scroll of magic mapping {unknown}
 n - a scroll of vulnerability {unknown}
 p - a scroll of identify {unknown}
 t - a scroll of teleportation {unknown}
Potions
 f - a potion of brilliance {unknown}
 j - a potion of invisibility {unknown}
 k - a potion of attraction {unknown}
 m - a potion of might {unknown}
 o - a potion of lignification {unknown}
 r - a potion of haste


   Skills:
 - Level 2.1 Fighting
 + Level 8.6 Short Blades
 - Level 2.1 Throwing
 - Level 1.2 Dodging
 - Level 5.3 Stealth


You had 5 spell levels left.
You didn't know any spells.
Your spell library contained the following spells:

 Spells                   Type           Power      Damage    Failure   Level
 Magic Dart               Conj           0%         1d3       67%         1
 Blink                    Tloc           0%         N/A       80%         2
 Call Imp                 Summ           0%         N/A       80%         2
 Call Canine Familiar     Summ           0%         N/A       95%         3
 Gell's Gravitas          Tloc           0%         N/A       95%         3
 Lesser Beckoning         Tloc           0%         N/A       95%         3
 Mephitic Cloud           Conj/Pois/Air  0%         N/A       95%         3
 Portal Projectile        Hex/Tloc       0%         N/A       95%         3
 Teleport Other           Tloc           0%         N/A       95%         3
 Leda's Liquefaction      Hex/Erth       0%         N/A       100%        4
 Manifold Assault         Tloc           0%         N/A       100%        5
 Storm Form               Tmut/Air       0%         N/A       100%        7


Dungeon Overview and Level Annotations

Branches:
Dungeon (4/15)             Temple (1/1) D:4           Sewer (visited)

Altars:
Ashenzari
Dithmenos
Elyvilon
Fedhas
Okawaru
Ru
Sif Muna
Vehumet
Yredelemnul
Beogh


Innate Abilities, Weirdness & Mutations

You are small and have problems with some larger weapons.
You are completely attuned to the shadows.


Message History

You hit the orc priest but do no damage.
You punch the orc priest, but do no damage.
The orc priest hits you with a +0 short sword.
You hit the orc priest but do no damage.
The orc priest closely misses you.
You hit the orc priest.
The orc priest is lightly wounded.
You hit the orc priest but do no damage.
The orc priest is lightly wounded.
The orc priest hits you with a +0 short sword.
You hit the orc priest.
The orc priest is moderately wounded.
The orc priest invokes the aid of Beogh against you.
Beogh smites you!
* * * LOW HITPOINT WARNING * * *
You hit the orc priest but do no damage.
The orc priest is moderately wounded.
The orc priest barely misses you.
You hit the orc priest but do no damage.
The orc priest is moderately wounded.
Throw: 2 darts (curare)
Press: ? - help, Q - select action, (/) - cycle Shift-Dir - straight line, f - orc priest
Aim: an orc priest, wielding a +0 short sword and wearing a +0 ring mail (moderately wounded, 66% to hit)
You throw a curare-tipped dart.
The curare-tipped dart hits the orc priest.
The orc priest is poisoned.
The orc priest convulses.
The orc priest seems to slow down.
The orc priest is severely wounded.
The orc priest barely misses you.
You hit the orc priest.
The orc priest is almost dead.
The orc priest hits you with a +0 short sword.
* * * LOW HITPOINT WARNING * * *
You hit the orc priest but do no damage.
The orc priest is almost dead.
You hit the orc priest but do no damage.
The orc priest is almost dead.
The orc priest calls down the wrath of Beogh upon you.
Pain shoots through your body!
You die...

≈≈≈≈§§≈§≈§≈ ≈§§≈≈≈≈§≈≈≈≈§
≈§§≈§≈≈§§≈≈≈≈≈§ ≈≈§≈§≈≈≈§§§≈≈≈≈≈≈
≈≈≈§≈≈§≈...≈≈≈§≈≈≈≈
≈≈≈≈§§≈≈.....≈≈≈≈≈≈≈≈
≈≈§§≈§§≈.......≈≈≈≈≈≈≈≈
§§§≈§≈§§....o....§§§≈§≈≈≈
≈≈≈§≈≈≈§§....@....§§§≈≈≈≈§
≈≈≈§§§§§§§.........§§≈≈§§§§≈≈
§§§≈≈≈≈≈§...........§..§§≈§§≈≈≈
≈≈≈≈§≈≈≈§§...............≈≈≈§≈§§§
≈≈§≈≈≈§...................≈§≈≈≈≈§
§§§≈≈≈...._..........._....≈≈≈≈≈§
≈§§§≈.......................≈≈≈≈§
§§≈§§§.......................≈≈≈≈
§§≈.§.........................≈≈§


You could see an orc priest (very poisoned, slow).

Vanquished Creatures
  Pargi (Sewer)
  A scorpion (D:4)
  A bullfrog skeleton (D:4)
  A hound (D:4)
  An adder (D:2)
  2 worms (D:2)
  4 dart slugs (D:1)
  9 bats
  6 endoplasms
  5 giant cockroaches
  3 goblins
  7 hobgoblins
  2 quokkas
  9 ball pythons
  2 frilled lizards (D:1)
  3 kobolds
  10 rats
67 creatures vanquished.

Notes
Turn   | Place    | Note
-------+----------+-------------------------------------------
     0 | D:1      | PentaManta the Kobold Brigand began the quest for the Orb.
     0 | D:1      | Reached XP level 1. HP: 12/12 MP: 1/1
    51 | D:1      | Reached skill level 3 in Short Blades
    62 | D:1      | Reached XP level 2. HP: 17/17 MP: 2/2
    87 | D:1      | Found a faded altar of an unknown god.
   137 | D:1      | Reached skill level 4 in Short Blades
   329 | D:1      | Reached XP level 3. HP: 21/21 MP: 3/3
   536 | D:1      | Reached skill level 5 in Short Blades
   935 | D:2      | Reached XP level 4. HP: 26/26 MP: 4/4
  1874 | D:3      | Reached skill level 6 in Short Blades
  1959 | D:4      | Found a glowing drain.
  1973 | Sewer    | Entered a sewer
  2134 | Sewer    | Noticed Pargi
  2164 | Sewer    | Killed Pargi
  2165 | Sewer    | Reached skill level 7 in Short Blades
  2165 | Sewer    | Reached XP level 5. HP: 5/30 MP: 5/5
  2491 | D:4      | Reached XP level 6. HP: 35/35 MP: 6/6
  2508 | D:4      | Reached skill level 8 in Short Blades
  2615 | D:4      | Found a staircase to the Ecumenical Temple.
  2621 | Temple   | Entered the Ecumenical Temple
  2962 | Temple   | Became a worshipper of Ashenzari the Shackled
  2986 | Temple   | Killed from afar by an orc priest

Illustrated notes

Levels and vault maps discovered:
D:1:      dpeg_arrival_orchard, layout_basic,
          hellmonk_ecumenical_altar_defaced_shrine,
          corexii_item_surrounded_by_moat, chequers_serial_rivers_micro_b
D:2:      layout_rooms, minmay_tetromino_s2
D:3:      layout_basic
D:4:      layout_cave_pools, mainiacjoe_overflow_cross_hatched,
          minmay_temple_entry_junction, cheibrodos_sewer_entry_drain
Temple:   compressed_dpeg_triangle_lava_temple

Skill      XL: |  1  2  3  4  5  6 |
---------------+-------------------+-----
Short Blades   | 3 4 5 7 8 |  8.6
Fighting       | |  2.1
Throwing       | |  2.1
Dodging        | |  1.2
Stealth        | |  5.3

Action                   |  1- 3 |  4- 6 || total
-------------------------+-------+-------++-------
Melee: Dagger            |    62 |     3 ||    65
       Rapier            |     7 |   105 ||   112
       Punch             |       |     2 ||     2
Throw: Dart              |       |     7 ||     7
 Stab: Sleeping          |    23 |    17 ||    40
Armor: Robe              |    20 |    11 ||    31
       Ring mail         |       |     6 ||     6
Dodge: Dodged            |    35 |    72 ||   107
